WCHLSIM.com - West Coast Hockey League
html PUBLIC "-//W3C//DTD XHTML 1.0 Transitional//EN" "http://www.w3.org/TR/xhtml1/DTD/xhtml1-transitional.dtd"> WCHL - Game 1287 - OKANAGAN RATTLESNAKES vs EDMONTON ICE

OKANAGAN RATTLESNAKES vs EDMONTON ICE

Created - 23 avril 2024 at 20:55

Goals
1 2 3 T
OKANAGAN RATTLESNAKES 0 2 1 3
EDMONTON ICE 1 1 3 5
Shots
1 2 3 T
OKANAGAN RATTLESNAKES 6 9 2 17
EDMONTON ICE 9 12 17 38

1st period

1. EDMONTON ICE , Thomas Novak 24 (Tomas Tatar 16, Jordan Spence 3) at 3:48

Penalties :
T.J. Oshie (OKA) for Hooking (Minor) at 0:17, Jarred Tinordi (EDM) for Cross-checking (Minor) at 11:01, Arber Xhekaj (OKA) for Roughing (Minor) at 14:51

2nd period

2. OKANAGAN RATTLESNAKES , Lars Eller 17 (Blake Coleman 22, Mike Hoffman 26) at 5:06
3. EDMONTON ICE , Alex Tuch 40 (Jack Eichel 47, Shea Theodore 34) at 12:29
4. OKANAGAN RATTLESNAKES , Blake Coleman 24 (Lars Eller 32) at 15:30

Penalties :
No Penalty

3rd period

5. EDMONTON ICE , Jack Eichel 50 (Scott Laughton 39) at 0:54
6. OKANAGAN RATTLESNAKES , Blake Coleman 25 (Casey Cizikas 34, Lars Eller 33) at 1:05
7. EDMONTON ICE , Alex Tuch 41 (Shea Theodore 35, Jack Eichel 48) at 4:44
8. EDMONTON ICE , Shea Theodore 9 (Nino Niederreiter 11, Dawson Mercer 20) at 19:34 (PP)

Penalties :
Jordie Benn (OKA) for Elbowing (Minor) at 1:38, Blake Coleman (OKA) for Interference (Minor) at 5:55, James Reimer (OKA) for Slashing (Minor) at 15:53 - Jeremy Lauzon served the penalty., Jeremy Lauzon (OKA) for Holding (Minor) at 17:54

Goalie Stats

James Reimer (OKA), 33 saves from 38 shots - (0,868), L, 28-36-8, 60:00 minutes
Vitek Vanecek (EDM), 14 saves from 17 shots - (0,824), W, 43-23-4, 60:00 minutes

Players Stats for OKANAGAN RATTLESNAKES

Player Name              G  A  P  +/- PIM S  H  SB GA TA FO     MP     PP MP  PK MP  
------------------------------------------------------------------------------------
Adam Clendening          0  0  0   0  0   0  0  0  0  0  0/0    17:05   0:27   1:39 
Anders Lee               0  0  0  -1  0   0  3  1  0  0  0/5    24:41   0:41   5:20 
Arber Xhekaj             0  0  0   0  2   1  4  4  0  0  0/0    18:48   0:59   3:40 
Blake Coleman            2  1  3   2  2   5  0  0  0  0  0/5    17:05   1:18   1:44 
Casey Cizikas            0  1  1   0  0   2  1  0  0  0  11/14  19:29   0:58   5:27 
Colton Parayko           0  0  0  -1  0   0  2  5  0  0  0/0    24:26   1:00   6:06 
Esa Lindell              0  0  0  -1  0   0  1  2  0  0  0/0    24:07   1:06   5:41 
Jeremy Lauzon            0  0  0   0  2   0  5  1  0  0  0/0    19:19   0:26   3:56 
Jordie Benn              0  0  0   0  2   0  0  0  0  0  0/0    16:12   0:00   2:08 
Jujhar Khaira            0  0  0  -2  0   0  0  1  0  0  6/11   14:11   0:00   0:08 
Kevin Labanc             0  0  0  -1  0   3  0  0  0  0  0/0    11:22   0:00   0:00 
Lars Eller               1  2  3   2  0   2  3  0  0  0  13/21  19:57   1:01   4:52 
Mike Hoffman             0  1  1   0  0   0  0  0  0  0  1/1     8:19   1:01   0:00 
Nazem Kadri              0  0  0   0  0   2  1  0  0  0  0/0     6:59   0:00   0:00 
Oskar Sundqvist          0  0  0   0  0   2  0  0  0  0  4/13   13:59   0:58   5:39 
Pierre-Edouard Bellemare 0  0  0   0  0   0  0  1  0  0  1/1     6:59   0:00   0:00 
Stefan Noesen            0  0  0  -1  0   0  1  0  0  0  0/1    11:20   0:00   0:00 
T.J. Oshie               0  0  0  -2  2   0  2  0  0  0  0/0    14:02   0:00   0:00 

Players Stats for EDMONTON ICE

Player Name              G  A  P  +/- PIM S  H  SB GA TA FO     MP     PP MP  PK MP  
------------------------------------------------------------------------------------
Alex Tuch                2  0  2   1  0   4  0  0  0  0  1/1    22:31   5:57   0:00 
Anthony Beauvillier      0  0  0   0  0   3  0  0  0  0  1/1    12:24   0:00   0:00 
Anthony Mantha           0  0  0  -1  0   0  0  0  0  0  0/0     4:21   0:00   0:00 
Anton Lundell            0  0  0   0  0   1  0  0  0  0  8/14   14:03   0:00   1:39 
Dawson Mercer            0  1  1  -1  0   4  0  0  0  0  4/10    9:59   5:38   0:00 
Evgeny Dadonov           0  0  0   0  0   2  0  0  0  0  0/0    12:44   0:00   0:20 
Jack Eichel              1  2  3   1  0   3  1  0  0  0  13/26  22:34   5:57   0:03 
Jarred Tinordi           0  0  0  -1  2   0  3  2  0  0  0/0    15:06   1:12   0:00 
Jonas Brodin             0  0  0   1  0   4  1  0  0  0  0/0    21:15   6:04   0:35 
Jordan Spence            0  1  1   1  0   1  0  1  0  0  0/0    19:52   4:19   0:57 
Nino Niederreiter        0  1  1   0  0   2  3  0  0  0  1/2    23:06   5:38   0:00 
Ryan Graves              0  0  0   1  0   0  0  0  0  0  0/0    22:28   6:04   0:15 
Scott Laughton           0  1  1   1  0   2  5  0  0  0  2/4    22:51   5:57   0:20 
Shea Theodore            1  2  3   1  0   3  1  0  0  0  0/0    23:58   5:31   0:32 
Tanner Jeannot           0  0  0   0  0   0  0  0  0  0  0/0     1:39   0:00   1:39 
Thomas Novak             1  0  1   1  0   3  0  0  0  0  6/13   13:07   0:00   0:00 
Tomas Tatar              0  1  1   1  0   5  1  0  0  0  0/1    18:45   5:38   0:00 
Zach Whitecloud          0  0  0  -1  0   1  0  1  0  0  0/0    17:17   0:00   1:36 

3 Stars

1 - Lars Eller (OKA)
2 - Shea Theodore (EDM)
3 - Jack Eichel (EDM)

Power Play

OKANAGAN RATTLESNAKES - 0 on 1 Attempt(s) - 0,00%
EDMONTON ICE - 1 on 6 Attempt(s) - 16,67%

Penalty Kill

OKANAGAN RATTLESNAKES - 5 on 6 Attempt(s) - 83,33% - Score 0 goal in Penalty Kill
EDMONTON ICE - 1 on 1 Attempt(s) - 100,00% - Score 0 goal in Penalty Kill

Team Stat

OKANAGAN RATTLESNAKES - Hits : 23 - Faceoff Wins : 36 - Blocked Shots : 15 - Penalty Minutes : 12
EDMONTON ICE - Hits : 15 - Faceoff Wins : 36 - Blocked Shots : 4 - Penalty Minutes : 2

Official

Referees : Kelly Sutherland and Tim Mayer
Linesman : Stephen Drain and Jim Harper

Game Notes

Mike Hoffman is injured at 12:31 of 2nd period (Strained Right Knee)

Finance

Level 1 -- Attendance: 5058 (84,30%) -- Ticket Income 1 062 180 $
Level 2 -- Attendance: 3642 (72,84%) -- Ticket Income 509 880 $
Level 3 -- Attendance: 1863 (93,15%) -- Ticket Income 204 930 $
Level 4 -- Attendance: 3466 (57,77%) -- Ticket Income 294 610 $
Luxury Box -- Attendance: 744 (74,40%) -- Ticket Income 279 000 $
Total Attendance: 14773 (73,87%)
Total Ticket Income: 2 350 600 $
Other Expense: 23 506 $
Total Income: 2 327 094 $

OKANAGAN RATTLESNAKES

5 vs 5 Forward 
   Center                   Left Wing                Right Wing               Time % Phy DF OF 
 1 Jujhar Khaira            Anders Lee               T.J. Oshie               36     1   2  2  
 2 Lars Eller               Mike Hoffman             Blake Coleman            31     1   2  2  
 3 Casey Cizikas            Kevin Labanc             Stefan Noesen            23     1   2  2  
 4 Oskar Sundqvist          Pierre-Edouard Bellemare Nazem Kadri              10     1   2  2  

5 vs 5 Defense 
   Defense                  Defense                                           Time % Phy DF OF 
 1 Colton Parayko           Esa Lindell                                       36     1   2  2  
 2 Adam Clendening          Jeremy Lauzon                                     31     1   2  2  
 3 Arber Xhekaj             Jordie Benn                                       23     1   2  2  
 4 Colton Parayko           Esa Lindell                                       10     1   2  2  

PowerPlay Forward 
   Center                   Left Wing                Right Wing               Time % Phy DF OF 
 1 Oskar Sundqvist          Anders Lee               Casey Cizikas            55     1   2  2  
 2 Lars Eller               Mike Hoffman             Blake Coleman            45     1   2  2  

PowerPlay Defense
   Defense                  Defense                                           Time % Phy DF OF 
 1 Arber Xhekaj             Esa Lindell                                       55     1   2  2  
 2 Colton Parayko           Jeremy Lauzon                                     45     1   2  2  

Penalty Kill 4 Players Forward 
   Center                   Wing                     Time % Phy DF OF 
 1 Casey Cizikas            Oskar Sundqvist          55     1   2  2  
 2 Anders Lee               Lars Eller               45     1   2  2  

Penalty Kill 4 Players Defense
   Defense                  Defense                  Time % Phy DF OF 
 1 Esa Lindell              Arber Xhekaj             55     1   2  2  
 2 Colton Parayko           Jeremy Lauzon            45     1   2  2  

Penalty Kill - 3 Players Forward 
   Forward                                           Time % Phy DF OF 
 1 Anders Lee                                        55     1   2  2  
 2 Casey Cizikas                                     45     1   2  2  

Penalty Kill - 3 Players Defense
   Defense                  Defense                  Time % Phy DF OF 
 1 Esa Lindell              Jordie Benn              55     1   2  2  
 2 Arber Xhekaj             Jeremy Lauzon            45     1   2  2  

4 vs 4 Forward 
   Center                   Wing                     Time % Phy DF OF 
 1 T.J. Oshie               Casey Cizikas            55     1   2  2  
 2 Anders Lee               Lars Eller               45     1   2  2  

4 vs 4 Defense
   Defense                  Defense                  Time % Phy DF OF 
 1 Colton Parayko           Arber Xhekaj             55     1   2  2  
 2 Esa Lindell              Jeremy Lauzon            45     1   2  2  

Last Minutes Offensive
   Center                   Left Wing                Right Wing               Defense                  Defense                  
   Jujhar Khaira            Anders Lee               T.J. Oshie               Colton Parayko           Esa Lindell              

Last Minutes Defensive
   Center                   Left Wing                Right Wing               Defense                  Defense                  
   Jujhar Khaira            Anders Lee               T.J. Oshie               Colton Parayko           Esa Lindell              

Goaltenders
Starting : James Reimer             
Backup : Spencer Martin           

Extra Forwards
Normal : Anders Lee, Casey Cizikas, Oskar Sundqvist - PP : Anders Lee, Casey Cizikas - PK : Oskar Sundqvist
Extra Defensemen
Normal : Arber Xhekaj, Jordie Benn, Esa Lindell - PP : Arber Xhekaj - PK : Jordie Benn, Esa Lindell
Penalty Shots
Oskar Sundqvist, Jujhar Khaira, Anders Lee, Lars Eller, Casey Cizikas
Custom OT Lines Forwards
Jujhar Khaira, T.J. Oshie, Anders Lee, Lars Eller, Casey Cizikas, Mike Hoffman, Blake Coleman, Oskar Sundqvist, Kevin Labanc, Pierre-Edouard Bellemare
Custom OT Lines Defensemen
Colton Parayko, Jordie Benn, Esa Lindell, Jeremy Lauzon, Arber Xhekaj

Scratches
Austin Osmanski (Healthy), Colin White (Healthy), Josh Manson (Healthy), Jack Campbell (Bruised Right Arm Injury)

EDMONTON ICE

5 vs 5 Forward 
   Center                   Left Wing                Right Wing               Time % Phy DF OF 
 1 Jack Eichel              Scott Laughton           Alex Tuch                36     0   2  3  
 2 Thomas Novak             Nino Niederreiter        Tomas Tatar              32     1   2  2  
 3 Anton Lundell            Anthony Beauvillier      Evgeny Dadonov           24     1   3  1  
 4 Dawson Mercer            Nino Niederreiter        Anthony Mantha           8      0   3  2  

5 vs 5 Defense 
   Defense                  Defense                                           Time % Phy DF OF 
 1 Shea Theodore            Ryan Graves                                       37     1   2  2  
 2 Jonas Brodin             Jordan Spence                                     30     0   3  2  
 3 Zach Whitecloud          Jarred Tinordi                                    23     0   4  1  
 4 Zach Whitecloud          Shea Theodore                                     10     0   3  2  

PowerPlay Forward 
   Center                   Left Wing                Right Wing               Time % Phy DF OF 
 1 Jack Eichel              Scott Laughton           Alex Tuch                65     1   2  2  
 2 Dawson Mercer            Tomas Tatar              Nino Niederreiter        35     1   2  2  

PowerPlay Defense
   Defense                  Defense                                           Time % Phy DF OF 
 1 Shea Theodore            Jordan Spence                                     60     0   2  3  
 2 Ryan Graves              Jonas Brodin                                      40     0   2  3  

Penalty Kill 4 Players Forward 
   Center                   Wing                     Time % Phy DF OF 
 1 Anton Lundell            Tanner Jeannot           60     0   5  0  
 2 Scott Laughton           Evgeny Dadonov           40     0   5  0  

Penalty Kill 4 Players Defense
   Defense                  Defense                  Time % Phy DF OF 
 1 Ryan Graves              Jonas Brodin             60     0   5  0  
 2 Zach Whitecloud          Jarred Tinordi           40     0   5  0  

Penalty Kill - 3 Players Forward 
   Forward                                           Time % Phy DF OF 
 1 Anton Lundell                                     55     0   4  1  
 2 Thomas Novak                                      45     0   4  1  

Penalty Kill - 3 Players Defense
   Defense                  Defense                  Time % Phy DF OF 
 1 Zach Whitecloud          Ryan Graves              55     0   5  0  
 2 Jonas Brodin             Jarred Tinordi           45     0   5  0  

4 vs 4 Forward 
   Center                   Wing                     Time % Phy DF OF 
 1 Dawson Mercer            Nino Niederreiter        55     1   2  2  
 2 Thomas Novak             Evgeny Dadonov           45     1   2  2  

4 vs 4 Defense
   Defense                  Defense                  Time % Phy DF OF 
 1 Shea Theodore            Zach Whitecloud          55     1   2  2  
 2 Ryan Graves              Jarred Tinordi           45     1   2  2  

Last Minutes Offensive
   Center                   Left Wing                Right Wing               Defense                  Defense                  
   Jack Eichel              Tomas Tatar              Alex Tuch                Shea Theodore            Jonas Brodin             

Last Minutes Defensive
   Center                   Left Wing                Right Wing               Defense                  Defense                  
   Scott Laughton           Nino Niederreiter        Alex Tuch                Jonas Brodin             Ryan Graves              

Goaltenders
Starting : Vitek Vanecek            
Backup : Jonathan Quick           

Extra Forwards
Normal : Dawson Mercer, Thomas Novak, Anton Lundell - PP : Thomas Novak, Dawson Mercer - PK : Dawson Mercer
Extra Defensemen
Normal : Shea Theodore, Jonas Brodin, Jordan Spence - PP : Jonas Brodin - PK : Ryan Graves, Shea Theodore
Penalty Shots
Alex Tuch, Jack Eichel, Thomas Novak, Dawson Mercer, Tomas Tatar
Custom OT Lines Forwards
Alex Tuch, Jack Eichel, Scott Laughton, Tomas Tatar, Nino Niederreiter, Dawson Mercer, Thomas Novak, Anton Lundell, Anthony Beauvillier, Anthony Mantha
Custom OT Lines Defensemen
Shea Theodore, Jonas Brodin, Ryan Graves, Zach Whitecloud, Jordan Spence

Scratches
Austin Watson (Healthy), Joshua Mahura (Healthy), Michael Matheson (Right Knee Injury)

% Time on Ice - OKANAGAN RATTLESNAKES

Lines # - Real PCT - Wanted PCT - Time Play
Normal Forward
1 - 30% - 36% - 14:03
2 - 30% - 31% - 14:04
3 - 24% - 23% - 11:20
4 - 15% - 10% - 6:59
Normal Defense
1 - 33% - 36% - 15:33
2 - 32% - 31% - 15:01
3 - 30% - 23% - 14:05
4 - 4% - 10% - 1:47
PP Forward
1 - 49% - 55% - 0:58
2 - 51% - 45% - 1:01
PP Defense
1 - 50% - 55% - 0:59
2 - 50% - 45% - 1:00
PK Forward
1 - 58% - 55% - 6:43
2 - 42% - 45% - 4:52
PK Defense
1 - 43% - 55% - 4:59
2 - 57% - 45% - 6:36
PK3 Forward
1 - 0% - 55%
2 - 0% - 45%
PK3 Defense
1 - 0% - 55%
2 - 0% - 45%
44 Forward
1 - 0% - 55%
2 - 0% - 45%
44 Defense
1 - 0% - 55%
2 - 0% - 45%
Last Minute Offensive  - 0:00
Last Minute Defensive  - 0:00
Total
Forward - 60:00
Defense - 60:00

% Time on Ice - EDMONTON ICE

Lines # - Real PCT - Wanted PCT - Time Play
Normal Forward
1 - 36% - 36% - 16:34
2 - 28% - 32% - 13:07
3 - 27% - 24% - 12:24
4 - 9% - 8% - 4:21
Normal Defense
1 - 35% - 37% - 16:09
2 - 31% - 30% - 14:36
3 - 30% - 23% - 13:55
4 - 4% - 10% - 1:46
PP Forward
1 - 51% - 65% - 5:57
2 - 49% - 35% - 5:38
PP Defense
1 - 48% - 60% - 5:31
2 - 52% - 40% - 6:04
PK Forward
1 - 83% - 60% - 1:39
2 - 17% - 40% - 0:20
PK Defense
1 - 19% - 60% - 0:23
2 - 81% - 40% - 1:36
PK3 Forward
1 - 0% - 55%
2 - 0% - 45%
PK3 Defense
1 - 0% - 55%
2 - 0% - 45%
44 Forward
1 - 0% - 55%
2 - 0% - 45%
44 Defense
1 - 0% - 55%
2 - 0% - 45%
Last Minute Offensive  - 0:00
Last Minute Defensive  - 0:00
Total
Forward - 60:00
Defense - 60:00

Play-by-Play

1st period


0:01 of 1st period - Jack Eichel wins face-off versus Anders Lee in neutral zone.
0:07 of 1st period - Jack Eichel is hit by Colton Parayko and loses puck.
0:17 of 1st period - Minor Penalty to T.J. Oshie for Hooking.
0:18 of 1st period - Dawson Mercer wins face-off versus Casey Cizikas in OKANAGAN RATTLESNAKES zone.
1:18 of 1st period - Esa Lindell is hit by Scott Laughton and loses puck.
2:34 of 1st period - Icing by Zach Whitecloud.
2:35 of 1st period - Lars Eller wins face-off versus Anton Lundell in EDMONTON ICE zone.
3:36 of 1st period - Shot by Nino Niederreiter.
3:36 of 1st period - Shot Misses the Net.
3:38 of 1st period - Shot by Jonas Brodin.
3:38 of 1st period - Stopped by James Reimer with a rebound.
3:44 of 1st period - Shot by Tomas Tatar.
3:44 of 1st period - Shot Blocked by Arber Xhekaj.
3:46 of 1st period - Shot by Tomas Tatar.
3:46 of 1st period - Stopped by James Reimer with a rebound.
3:48 of 1st period - Shot by Thomas Novak.
3:48 of 1st period - Goal by Thomas Novak - OKANAGAN RATTLESNAKES : 0 - EDMONTON ICE : 1.
3:49 of 1st period - Casey Cizikas wins face-off versus Jack Eichel in neutral zone.
4:11 of 1st period - Shot by Jack Eichel.
4:11 of 1st period - Stopped by James Reimer without a rebound.
4:12 of 1st period - Anton Lundell wins face-off versus Jujhar Khaira in OKANAGAN RATTLESNAKES zone.
4:15 of 1st period - Shot by Anthony Beauvillier.
4:15 of 1st period - Shot Misses the Net.
4:18 of 1st period - Icing by T.J. Oshie.
4:19 of 1st period - Jack Eichel wins face-off versus Jujhar Khaira in OKANAGAN RATTLESNAKES zone.
4:45 of 1st period - Anders Lee is hit by Shea Theodore.
4:59 of 1st period - Shot by Jack Eichel.
4:59 of 1st period - Shot Hit the Post.
5:50 of 1st period - Icing by Esa Lindell.
5:51 of 1st period - Casey Cizikas wins face-off versus Thomas Novak in OKANAGAN RATTLESNAKES zone.
7:35 of 1st period - Shot by Anthony Beauvillier.
7:35 of 1st period - Deflect By Anton Lundell.
7:35 of 1st period - Shot Misses the Net.
8:34 of 1st period - Jonas Brodin is hit by Anders Lee and loses puck.
8:44 of 1st period - Shot by Jonas Brodin.
8:44 of 1st period - Shot Misses the Net.
9:07 of 1st period - Icing by Zach Whitecloud.
9:08 of 1st period - Anton Lundell wins face-off versus Lars Eller in EDMONTON ICE zone.
9:08 of 1st period - Anton Lundell is hit by Lars Eller.
9:14 of 1st period - Shot by Anthony Beauvillier.
9:14 of 1st period - Stopped by James Reimer with a rebound.
9:16 of 1st period - Shot by Anthony Beauvillier.
9:16 of 1st period - Stopped by James Reimer without a rebound.
9:17 of 1st period - Oskar Sundqvist wins face-off versus Thomas Novak in OKANAGAN RATTLESNAKES zone.
9:53 of 1st period - Shot by Nazem Kadri.
9:53 of 1st period - Shot Misses the Net.
10:19 of 1st period - Thomas Novak is hit by Arber Xhekaj.
10:23 of 1st period - Mike Hoffman is hit by Nino Niederreiter and loses puck.
11:01 of 1st period - Minor Penalty to Jarred Tinordi for Cross-checking.
11:02 of 1st period - Anton Lundell wins face-off versus Blake Coleman in EDMONTON ICE zone.
11:18 of 1st period - Shot by Oskar Sundqvist.
11:18 of 1st period - Stopped by Vitek Vanecek without a rebound.
11:19 of 1st period - Anton Lundell wins face-off versus Lars Eller in EDMONTON ICE zone.
11:42 of 1st period - Shot by Colton Parayko.
11:42 of 1st period - Shot Blocked by Jordan Spence.
12:01 of 1st period - Icing by Colton Parayko.
12:02 of 1st period - Scott Laughton wins face-off versus Oskar Sundqvist in OKANAGAN RATTLESNAKES zone.
12:02 of 1st period - Scott Laughton is hit by Jeremy Lauzon.
12:18 of 1st period - Shot by Oskar Sundqvist.
12:18 of 1st period - Stopped by Vitek Vanecek without a rebound.
12:19 of 1st period - Anton Lundell wins face-off versus Oskar Sundqvist in EDMONTON ICE zone.
12:19 of 1st period - Anton Lundell is hit by Anders Lee.
12:33 of 1st period - Off-side.
12:34 of 1st period - Anton Lundell wins face-off versus Blake Coleman in neutral zone.
13:01 of 1st period - Shot by Blake Coleman.
13:01 of 1st period - Deflect By Kevin Labanc.
13:01 of 1st period - Stopped by Vitek Vanecek without a rebound.
13:02 of 1st period - Casey Cizikas wins face-off versus Jack Eichel in EDMONTON ICE zone.
13:13 of 1st period - Shot by Casey Cizikas.
13:13 of 1st period - Stopped by Vitek Vanecek without a rebound.
13:14 of 1st period - Jujhar Khaira wins face-off versus Thomas Novak in EDMONTON ICE zone.
13:37 of 1st period - Shot by Anders Lee.
13:37 of 1st period - Shot Misses the Net.
14:12 of 1st period - Icing by Arber Xhekaj.
14:13 of 1st period - Lars Eller wins face-off versus Jack Eichel in OKANAGAN RATTLESNAKES zone.
14:40 of 1st period - Shot by Alex Tuch.
14:40 of 1st period - Shot Misses the Net.
14:51 of 1st period - Minor Penalty to Arber Xhekaj for Roughing.
14:52 of 1st period - Casey Cizikas wins face-off versus Dawson Mercer in OKANAGAN RATTLESNAKES zone.
15:45 of 1st period - Shot by Alex Tuch.
15:45 of 1st period - Stopped by James Reimer without a rebound.
15:46 of 1st period - Jack Eichel wins face-off versus Anders Lee in OKANAGAN RATTLESNAKES zone.
16:53 of 1st period - Shot by Dawson Mercer.
16:53 of 1st period - Stopped by James Reimer without a rebound.
16:54 of 1st period - Anton Lundell wins face-off versus Oskar Sundqvist in OKANAGAN RATTLESNAKES zone.
17:08 of 1st period - Icing by Nazem Kadri.
17:09 of 1st period - Oskar Sundqvist wins face-off versus Jack Eichel in OKANAGAN RATTLESNAKES zone.
18:13 of 1st period - Shot by Kevin Labanc.
18:13 of 1st period - Stopped by Vitek Vanecek without a rebound.
18:14 of 1st period - Thomas Novak wins face-off versus Blake Coleman in EDMONTON ICE zone.
18:26 of 1st period - Shot by Thomas Novak.
18:26 of 1st period - Shot Misses the Net.
18:56 of 1st period - Shot by Tomas Tatar.
18:56 of 1st period - Stopped by James Reimer without a rebound.
18:57 of 1st period - Jujhar Khaira wins face-off versus Anton Lundell in OKANAGAN RATTLESNAKES zone.
19:08 of 1st period - Shot by Anders Lee.
19:08 of 1st period - Shot Misses the Net.
19:50 of 1st period - Shot by Kevin Labanc.
19:50 of 1st period - Stopped by Vitek Vanecek with a rebound.
Goals for this period are 0 for OKANAGAN RATTLESNAKES vs 1 for EDMONTON ICE.
Shots for this period are 6 for OKANAGAN RATTLESNAKES vs 9 for EDMONTON ICE.

2nd period


0:01 of 2nd period - Casey Cizikas wins face-off versus Jack Eichel in neutral zone.
0:01 of 2nd period - Casey Cizikas is hit by Scott Laughton.
0:05 of 2nd period - Shot by Stefan Noesen.
0:05 of 2nd period - Shot Misses the Net.
0:07 of 2nd period - Shot by Casey Cizikas.
0:07 of 2nd period - Stopped by Vitek Vanecek without a rebound.
0:08 of 2nd period - Lars Eller wins face-off versus Jack Eichel in EDMONTON ICE zone.
0:21 of 2nd period - Shot by Blake Coleman.
0:21 of 2nd period - Stopped by Vitek Vanecek with a rebound.
0:23 of 2nd period - Shot by Lars Eller.
0:23 of 2nd period - Shot Misses the Net.
0:25 of 2nd period - Shot by Lars Eller.
0:25 of 2nd period - Stopped by Vitek Vanecek without a rebound.
0:26 of 2nd period - Nino Niederreiter wins face-off versus Casey Cizikas in EDMONTON ICE zone.
0:26 of 2nd period - Nino Niederreiter is hit by Casey Cizikas.
0:43 of 2nd period - Thomas Novak is hit by Jeremy Lauzon and loses puck.
0:50 of 2nd period - Shot by Nino Niederreiter.
0:50 of 2nd period - Shot Blocked by Jeremy Lauzon.
1:43 of 2nd period - Scott Laughton is hit by Jeremy Lauzon and loses puck.
3:10 of 2nd period - Shot by Blake Coleman.
3:10 of 2nd period - Stopped by Vitek Vanecek with a rebound.
3:12 of 2nd period - Shot by Arber Xhekaj.
3:12 of 2nd period - Shot Misses the Net.
3:15 of 2nd period - Lars Eller is hit by Jarred Tinordi and loses puck.
3:20 of 2nd period - Shot by Lars Eller.
3:20 of 2nd period - Shot Misses the Net.
3:42 of 2nd period - Shot by Lars Eller.
3:42 of 2nd period - Shot Blocked by Zach Whitecloud.
4:12 of 2nd period - Shot by Scott Laughton.
4:12 of 2nd period - Stopped by James Reimer without a rebound.
4:13 of 2nd period - Jujhar Khaira wins face-off versus Nino Niederreiter in OKANAGAN RATTLESNAKES zone.
4:36 of 2nd period - Shot by Thomas Novak.
4:36 of 2nd period - Stopped by James Reimer without a rebound.
4:37 of 2nd period - Oskar Sundqvist wins face-off versus Jack Eichel in OKANAGAN RATTLESNAKES zone.
4:44 of 2nd period - Shot by Oskar Sundqvist.
4:44 of 2nd period - Shot Misses the Net.
4:46 of 2nd period - Shot by Oskar Sundqvist.
4:46 of 2nd period - Shot Misses the Net.
4:48 of 2nd period - Shot by Arber Xhekaj.
4:48 of 2nd period - Stopped by Vitek Vanecek without a rebound.
4:49 of 2nd period - Lars Eller wins face-off versus Dawson Mercer in EDMONTON ICE zone.
5:04 of 2nd period - Shot by Lars Eller.
5:04 of 2nd period - Shot Misses the Net.
5:06 of 2nd period - Shot by Lars Eller.
5:06 of 2nd period - Goal by Lars Eller - OKANAGAN RATTLESNAKES : 1 - EDMONTON ICE : 1.
5:07 of 2nd period - Jack Eichel wins face-off versus Jujhar Khaira in neutral zone.
5:52 of 2nd period - Scott Laughton is hit by Jeremy Lauzon and loses puck.
6:42 of 2nd period - Icing by Shea Theodore.
6:43 of 2nd period - Casey Cizikas wins face-off versus Thomas Novak in EDMONTON ICE zone.
6:44 of 2nd period - Shot by Stefan Noesen.
6:44 of 2nd period - Deflect By Kevin Labanc.
6:44 of 2nd period - Shot Misses the Net.
7:28 of 2nd period - Shot by Anton Lundell.
7:28 of 2nd period - Shot Misses the Net.
7:30 of 2nd period - Shot by Evgeny Dadonov.
7:30 of 2nd period - Shot Blocked by Arber Xhekaj.
8:14 of 2nd period - Shot by Alex Tuch.
8:14 of 2nd period - Shot Misses the Net.
8:16 of 2nd period - Shot by Scott Laughton.
8:16 of 2nd period - Shot Misses the Net.
8:20 of 2nd period - Shot by Alex Tuch.
8:20 of 2nd period - Shot Misses the Net.
9:03 of 2nd period - Shot by Dawson Mercer.
9:03 of 2nd period - Deflect By Nino Niederreiter.
9:03 of 2nd period - Shot Blocked by Colton Parayko.
9:53 of 2nd period - Jarred Tinordi is hit by T.J. Oshie and loses puck.
10:02 of 2nd period - Shot by Anders Lee.
10:02 of 2nd period - Deflect By T.J. Oshie.
10:02 of 2nd period - Shot Blocked by Jarred Tinordi.
10:04 of 2nd period - Shot by Jujhar Khaira.
10:04 of 2nd period - Shot Misses the Net.
10:06 of 2nd period - Shot by Jujhar Khaira.
10:06 of 2nd period - Shot Misses the Net.
10:52 of 2nd period - Shot by Nazem Kadri.
10:52 of 2nd period - Stopped by Vitek Vanecek without a rebound.
10:53 of 2nd period - Jack Eichel wins face-off versus Oskar Sundqvist in EDMONTON ICE zone.
11:04 of 2nd period - Shot by Alex Tuch.
11:04 of 2nd period - Stopped by James Reimer without a rebound.
11:05 of 2nd period - Lars Eller wins face-off versus Thomas Novak in OKANAGAN RATTLESNAKES zone.
11:05 of 2nd period - Lars Eller is hit by Nino Niederreiter.
11:13 of 2nd period - Shot by Tomas Tatar.
11:13 of 2nd period - Stopped by James Reimer without a rebound.
11:14 of 2nd period - Jack Eichel wins face-off versus Oskar Sundqvist in OKANAGAN RATTLESNAKES zone.
11:22 of 2nd period - Alex Tuch is hit by Colton Parayko.
11:28 of 2nd period - Shot by Alex Tuch.
11:28 of 2nd period - Deflect By Jack Eichel.
11:28 of 2nd period - Stopped by James Reimer with a rebound.
11:30 of 2nd period - Shot by Jack Eichel.
11:30 of 2nd period - Deflect By Alex Tuch.
11:30 of 2nd period - Shot Blocked by Esa Lindell.
11:45 of 2nd period - Icing by Esa Lindell.
11:46 of 2nd period - Thomas Novak wins face-off versus Oskar Sundqvist in OKANAGAN RATTLESNAKES zone.
12:03 of 2nd period - Shot by Nino Niederreiter.
12:03 of 2nd period - Stopped by James Reimer without a rebound.
12:04 of 2nd period - Jujhar Khaira wins face-off versus Jack Eichel in OKANAGAN RATTLESNAKES zone.
12:27 of 2nd period - Shot by Alex Tuch.
12:27 of 2nd period - Shot Blocked by Anders Lee.
12:29 of 2nd period - Shot by Jack Eichel.
12:29 of 2nd period - Deflect By Alex Tuch.
12:29 of 2nd period - Goal by Alex Tuch - OKANAGAN RATTLESNAKES : 1 - EDMONTON ICE : 2.
12:30 of 2nd period - Mike Hoffman wins face-off versus Thomas Novak in neutral zone.
12:30 of 2nd period - Mike Hoffman is hit by Tomas Tatar.
12:31 of 2nd period - Mike Hoffman from OKANAGAN RATTLESNAKES is injured at 12:31 of 2nd period (Strained Right Knee).
12:32 of 2nd period - Thomas Novak wins face-off versus Lars Eller in neutral zone.
12:35 of 2nd period - Shot by Thomas Novak.
12:35 of 2nd period - Shot Misses the Net.
12:56 of 2nd period - Shot by Tomas Tatar.
12:56 of 2nd period - Deflect By Nino Niederreiter.
12:56 of 2nd period - Stopped by James Reimer with a rebound.
12:59 of 2nd period - Icing by Jordie Benn.
13:00 of 2nd period - Jack Eichel wins face-off versus Lars Eller in OKANAGAN RATTLESNAKES zone.
13:04 of 2nd period - Icing by Lars Eller.
13:05 of 2nd period - Lars Eller wins face-off versus Jack Eichel in OKANAGAN RATTLESNAKES zone.
13:36 of 2nd period - Lars Eller is hit by Scott Laughton and loses puck.
15:00 of 2nd period - Shot by Anton Lundell.
15:00 of 2nd period - Stopped by James Reimer without a rebound.
15:01 of 2nd period - Anthony Beauvillier wins face-off versus Jujhar Khaira in OKANAGAN RATTLESNAKES zone.
15:24 of 2nd period - Off-side.
15:25 of 2nd period - Lars Eller wins face-off versus Jack Eichel in neutral zone.
15:28 of 2nd period - Shot by Blake Coleman.
15:28 of 2nd period - Shot Misses the Net.
15:30 of 2nd period - Shot by Blake Coleman.
15:30 of 2nd period - Goal by Blake Coleman - OKANAGAN RATTLESNAKES : 2 - EDMONTON ICE : 2.
15:31 of 2nd period - Jack Eichel wins face-off versus Anders Lee in neutral zone.
15:36 of 2nd period - Shot by Scott Laughton.
15:36 of 2nd period - Shot Blocked by Arber Xhekaj.
15:38 of 2nd period - Shot by Zach Whitecloud.
15:38 of 2nd period - Stopped by James Reimer without a rebound.
15:39 of 2nd period - Thomas Novak wins face-off versus Lars Eller in OKANAGAN RATTLESNAKES zone.
15:40 of 2nd period - Shot by Tomas Tatar.
15:40 of 2nd period - Deflect By Nino Niederreiter.
15:40 of 2nd period - Shot Blocked by Esa Lindell.
15:57 of 2nd period - Blake Coleman is hit by Nino Niederreiter and loses puck.
16:09 of 2nd period - Tomas Tatar is hit by Anders Lee and loses puck.
16:14 of 2nd period - Thomas Novak is hit by Lars Eller and loses puck.
17:01 of 2nd period - Shea Theodore is hit by Stefan Noesen and loses puck.
17:38 of 2nd period - Shot by Pierre-Edouard Bellemare.
17:38 of 2nd period - Shot Misses the Net.
17:57 of 2nd period - Anton Lundell is hit by Arber Xhekaj and loses puck.
18:06 of 2nd period - Shot by Anton Lundell.
18:06 of 2nd period - Shot Blocked by Pierre-Edouard Bellemare.
18:08 of 2nd period - Shot by Jordan Spence.
18:08 of 2nd period - Stopped by James Reimer without a rebound.
18:09 of 2nd period - Lars Eller wins face-off versus Dawson Mercer in OKANAGAN RATTLESNAKES zone.
18:37 of 2nd period - Shot by Dawson Mercer.
18:37 of 2nd period - Shot Blocked by Colton Parayko.
18:39 of 2nd period - Shot by Jonas Brodin.
18:39 of 2nd period - Stopped by James Reimer with a rebound.
18:50 of 2nd period - Icing by Colton Parayko.
18:51 of 2nd period - Anton Lundell wins face-off versus Lars Eller in OKANAGAN RATTLESNAKES zone.
18:57 of 2nd period - Icing by Esa Lindell.
18:58 of 2nd period - Lars Eller wins face-off versus Scott Laughton in OKANAGAN RATTLESNAKES zone.
19:48 of 2nd period - Icing by Jarred Tinordi.
19:49 of 2nd period - Jack Eichel wins face-off versus Oskar Sundqvist in EDMONTON ICE zone.
19:58 of 2nd period - Shot by Nazem Kadri.
19:58 of 2nd period - Stopped by Vitek Vanecek without a rebound.
19:59 of 2nd period - Oskar Sundqvist wins face-off versus Thomas Novak in EDMONTON ICE zone.
Goals for this period are 2 for OKANAGAN RATTLESNAKES vs 1 for EDMONTON ICE.
Shots for this period are 9 for OKANAGAN RATTLESNAKES vs 12 for EDMONTON ICE.

3rd period


0:01 of 3rd period - Jujhar Khaira wins face-off versus Tomas Tatar in neutral zone.
0:04 of 3rd period - Shot by Colton Parayko.
0:04 of 3rd period - Shot Misses the Net.
0:12 of 3rd period - Shot by Shea Theodore.
0:12 of 3rd period - Shot Misses the Net.
0:18 of 3rd period - Shot by Thomas Novak.
0:18 of 3rd period - Shot Blocked by Jujhar Khaira.
0:35 of 3rd period - Thomas Novak is hit by Esa Lindell and loses puck.
0:42 of 3rd period - Shot by Thomas Novak.
0:42 of 3rd period - Shot Blocked by Colton Parayko.
0:44 of 3rd period - Shot by Thomas Novak.
0:44 of 3rd period - Stopped by James Reimer with a rebound.
0:54 of 3rd period - Shot by Jack Eichel.
0:54 of 3rd period - Goal by Jack Eichel - OKANAGAN RATTLESNAKES : 2 - EDMONTON ICE : 3.
0:55 of 3rd period - Lars Eller wins face-off versus Jack Eichel in neutral zone.
0:55 of 3rd period - Blake Coleman is hit by Scott Laughton.
1:05 of 3rd period - Shot by Blake Coleman.
1:05 of 3rd period - Goal by Blake Coleman - OKANAGAN RATTLESNAKES : 3 - EDMONTON ICE : 3.
1:06 of 3rd period - Pierre-Edouard Bellemare wins face-off versus Anton Lundell in neutral zone.
1:13 of 3rd period - Icing by Jarred Tinordi.
1:14 of 3rd period - Lars Eller wins face-off versus Anton Lundell in EDMONTON ICE zone.
1:14 of 3rd period - Anders Lee is hit by Jarred Tinordi and loses puck.
1:24 of 3rd period - Off-side.
1:25 of 3rd period - Thomas Novak wins face-off versus Stefan Noesen in neutral zone.
1:27 of 3rd period - Shea Theodore is hit by Arber Xhekaj.
1:38 of 3rd period - Minor Penalty to Jordie Benn for Elbowing.
1:39 of 3rd period - Casey Cizikas wins face-off versus Jack Eichel in OKANAGAN RATTLESNAKES zone.
1:50 of 3rd period - Casey Cizikas is hit by Jack Eichel and loses puck.
2:23 of 3rd period - Alex Tuch is hit by Arber Xhekaj and loses puck.
3:41 of 3rd period - Off-side.
3:42 of 3rd period - Casey Cizikas wins face-off versus Anton Lundell in neutral zone.
3:51 of 3rd period - Shot by Casey Cizikas.
3:51 of 3rd period - Shot Blocked by Jarred Tinordi.
4:16 of 3rd period - Kevin Labanc is hit by Jarred Tinordi and loses puck.
4:36 of 3rd period - Shot by Alex Tuch.
4:36 of 3rd period - Shot Misses the Net.
4:40 of 3rd period - Shot by Alex Tuch.
4:40 of 3rd period - Shot Blocked by Arber Xhekaj.
4:44 of 3rd period - Shot by Alex Tuch.
4:44 of 3rd period - Goal by Alex Tuch - OKANAGAN RATTLESNAKES : 3 - EDMONTON ICE : 4.
4:45 of 3rd period - Jujhar Khaira wins face-off versus Dawson Mercer in neutral zone.
5:09 of 3rd period - Anders Lee is hit by Jonas Brodin and loses puck.
5:41 of 3rd period - Dawson Mercer is hit by Jeremy Lauzon and loses puck.
5:55 of 3rd period - Minor Penalty to Blake Coleman for Interference.
5:56 of 3rd period - Jack Eichel wins face-off versus Jujhar Khaira in OKANAGAN RATTLESNAKES zone.
6:03 of 3rd period - Shot by Scott Laughton.
6:03 of 3rd period - Stopped by James Reimer without a rebound.
6:04 of 3rd period - Casey Cizikas wins face-off versus Scott Laughton in OKANAGAN RATTLESNAKES zone.
6:11 of 3rd period - Shot by Alex Tuch.
6:11 of 3rd period - Shot Blocked by Colton Parayko.
6:19 of 3rd period - Shot by Shea Theodore.
6:19 of 3rd period - Stopped by James Reimer without a rebound.
6:20 of 3rd period - Jack Eichel wins face-off versus Anders Lee in OKANAGAN RATTLESNAKES zone.
6:53 of 3rd period - Icing by Alex Tuch.
6:54 of 3rd period - Jack Eichel wins face-off versus Oskar Sundqvist in EDMONTON ICE zone.
7:48 of 3rd period - Icing by Nino Niederreiter.
7:49 of 3rd period - Dawson Mercer wins face-off versus Lars Eller in EDMONTON ICE zone.
7:49 of 3rd period - Dawson Mercer is hit by Lars Eller.
8:16 of 3rd period - Shot by Evgeny Dadonov.
8:16 of 3rd period - Stopped by James Reimer without a rebound.
8:17 of 3rd period - Lars Eller wins face-off versus Jack Eichel in OKANAGAN RATTLESNAKES zone.
8:17 of 3rd period - Lars Eller is hit by Scott Laughton.
8:37 of 3rd period - Shot by Blake Coleman.
8:37 of 3rd period - Stopped by Vitek Vanecek without a rebound.
8:38 of 3rd period - Thomas Novak wins face-off versus Oskar Sundqvist in EDMONTON ICE zone.
8:52 of 3rd period - Nino Niederreiter is hit by Nazem Kadri and loses puck.
9:15 of 3rd period - Shot by Oskar Sundqvist.
9:15 of 3rd period - Deflect By Nazem Kadri.
9:15 of 3rd period - Shot Misses the Net.
10:11 of 3rd period - Ryan Graves is hit by T.J. Oshie and loses puck.
10:20 of 3rd period - Shot by Scott Laughton.
10:20 of 3rd period - Shot Misses the Net.
10:34 of 3rd period - Shot by Evgeny Dadonov.
10:34 of 3rd period - Stopped by James Reimer with a rebound.
11:30 of 3rd period - Shot by Nino Niederreiter.
11:30 of 3rd period - Deflect By Dawson Mercer.
11:30 of 3rd period - Stopped by James Reimer with a rebound.
11:32 of 3rd period - Shot by Nino Niederreiter.
11:32 of 3rd period - Shot Blocked by Colton Parayko.
11:34 of 3rd period - Shot by Jonas Brodin.
11:34 of 3rd period - Stopped by James Reimer with a rebound.
11:45 of 3rd period - Icing by Jonas Brodin.
11:46 of 3rd period - Casey Cizikas wins face-off versus Dawson Mercer in EDMONTON ICE zone.
12:09 of 3rd period - Icing by Blake Coleman.
12:10 of 3rd period - Jack Eichel wins face-off versus Lars Eller in OKANAGAN RATTLESNAKES zone.
12:21 of 3rd period - Shot by Alex Tuch.
12:21 of 3rd period - Shot Misses the Net.
14:19 of 3rd period - Shot by Tomas Tatar.
14:19 of 3rd period - Deflect By Nino Niederreiter.
14:19 of 3rd period - Shot Misses the Net.
14:21 of 3rd period - Shot by Jonas Brodin.
14:21 of 3rd period - Stopped by James Reimer without a rebound.
14:22 of 3rd period - Dawson Mercer wins face-off versus Casey Cizikas in OKANAGAN RATTLESNAKES zone.
14:33 of 3rd period - Shot by Dawson Mercer.
14:33 of 3rd period - Stopped by James Reimer without a rebound.
14:34 of 3rd period - Alex Tuch wins face-off versus Blake Coleman in OKANAGAN RATTLESNAKES zone.
15:16 of 3rd period - Shot by Casey Cizikas.
15:16 of 3rd period - Shot Misses the Net.
15:53 of 3rd period - Shot by Tomas Tatar.
15:53 of 3rd period - Stopped by James Reimer without a rebound.
15:53 of 3rd period - Minor Penalty to James Reimer for Slashing.
15:54 of 3rd period - Dawson Mercer wins face-off versus Blake Coleman in OKANAGAN RATTLESNAKES zone.
15:59 of 3rd period - Shot by Tomas Tatar.
15:59 of 3rd period - Stopped by James Reimer with a rebound.
16:24 of 3rd period - Shot by Dawson Mercer.
16:24 of 3rd period - Stopped by James Reimer with a rebound.
17:54 of 3rd period - Shot by Evgeny Dadonov.
17:54 of 3rd period - Deflect By Anthony Beauvillier.
17:54 of 3rd period - Stopped by James Reimer without a rebound.
17:54 of 3rd period - Minor Penalty to Jeremy Lauzon for Holding.
17:55 of 3rd period - Casey Cizikas wins face-off versus Dawson Mercer in OKANAGAN RATTLESNAKES zone.
18:20 of 3rd period - Shot by Shea Theodore.
18:20 of 3rd period - Stopped by James Reimer without a rebound.
18:21 of 3rd period - Scott Laughton wins face-off versus Anders Lee in OKANAGAN RATTLESNAKES zone.
18:22 of 3rd period - Shot by Alex Tuch.
18:22 of 3rd period - Shot Misses the Net.
19:34 of 3rd period - Shot by Shea Theodore.
19:34 of 3rd period - Goal by Shea Theodore - OKANAGAN RATTLESNAKES : 3 - EDMONTON ICE : 5.
19:35 of 3rd period - Lars Eller wins face-off versus Anton Lundell in neutral zone.
19:58 of 3rd period - Shot by Blake Coleman.
19:58 of 3rd period - Shot Misses the Net.
Goals for this period are 1 for OKANAGAN RATTLESNAKES vs 3 for EDMONTON ICE.
Shots for this period are 2 for OKANAGAN RATTLESNAKES vs 17 for EDMONTON ICE.


NATHAN
MACKINNON
PHILLIP
DANAULT
CONNOR
MCDAVID

EAST COAST

HOCKEY LEAGUE

  • 25.QUE4CHI5
  • 26.CHA2LIM3
  • 27.TRV2LON3
  • 28.CHW4BAL2
  • 29.PITMAN
  • 30.ATLNHW
  • 31.WORPET
  • 32.RHI